 BcadrenCrawl: Boulder Brew version 0.06-688-g08e91b2d95 (webtiles) character file.

Game seed: 14405591635818539302

212 Leeroy the Merged (level 5, -2/69 HPs) Immature Draconian Priest. Began on Jan 21, 2023. Was a Priest of Bahamut & Tiamat. Slain by a big kobold (4 damage) ... on level 2 of the Dungeon. The game lasted 00:05:23 (1487 turns).

Leeroy the Merged (Immature Draconian Priest)       Turns: 1487, Time: 00:05:23

Health: -2/69      AC:  6    Str: 20    XL:     5 ^: 76
Magic:  9/9        EV: 12    Int: 10    God:    Bahamut & Tiamat [3* [78]]
Gold:   70         SH:  0    Dex:  8    Spells: 4/4 levels left

rFire    . . .     Slash    +     - Unarmed
rCold    . . .     Pierce   x     - Unarmed
rNeg     . . .     Bludgeon .   (armour unavailable)
rCorr    . . .     Vision   .   (helmet restricted)
rPois    .         Gourm    .   (no cloak)
rElec    .         Faith    .   (no gloves)
MR       .....     Spirit   .   (no boots)
HPRegen  0.33/turn Reflect  .   (no amulet)
MPRegen  0.19/turn Harm     .   (no ring)
Stlth    ++........             (no ring)

@: short of breath
A: deformed body 2, cold-blooded, draconic flesh, AC +6
a: Breathe Dart, Adaptive Breath, Renounce Religion


You were on level 2 of the Dungeon.
You worshipped Bahamut & Tiamat.
Bahamut & Tiamat was most pleased with you.
You were not hungry.

You visited 1 branch of the dungeon, and saw 2 of its levels.
You also visited: Temple.

You collected 70 gold pieces.

Inventory:

Weapons
 f - a +0 dagger
 g - a +0 dagger
 k - a cursed +1 short sword of chaos {(Curse: Dex-3)}
Jewellery
 c - an uncursed amulet of regeneration
 d - an uncursed amulet of chaos
 l - an uncursed ring of stealth
Scrolls
 e - a scroll of blinking
 i - a scroll of teleportation
 j - a scroll of random uselessness
Potions
 h - a potion of brilliance
 m - a potion of curing
Comestibles
 a - 5 rations
 b - a chunk of flesh


   Skills:
 - Level 1.5 Dodging
 - Level 3.1 Stealth
 - Level 2.6 Unarmed Combat
 + Level 6.2 Invocations


You had 4 spell levels left.
You didn't know any spells.
Your spell library was empty.

Dungeon Overview and Level Annotations

Branches:
Dungeon (2/8)

Altars:


Innate Abilities, Weirdness & Mutations

Your plain brown scales are resilient. (AC +6)
You can breathe rudimentary magical darts.
You cannot wear any armour on your peculiar form.
You are cold-blooded and are slowed more easily by cold attacks.
Your scales resist being cut, but it's oddly easy to stick a small blade between them. (rSlashing+, rPiercing-)


Message History

The big kobold is heavily wounded. (15/29) HP You hit the big kobold (2). x2; Your tail-slap misses the big kobold.
The big kobold is severely wounded. (11/29) HP The big kobold hits you (2).
* * * LOW HITPOINT WARNING * * *
You hit the big kobold but do no damage.
You hit the big kobold (3).
The big kobold is severely wounded. (8/29) HP
Okay, then.
Eat one of 2 chunks of flesh? (ye/n/q)
Okay, then.
Eat one of 2 chunks of flesh? (ye/n/q)
You eat one of the 2 chunks of flesh.
This raw flesh tastes terrible.
The big kobold hits you (7)!
* * * LOW HITPOINT WARNING * * *
Okay, then.
You hit the big kobold but do no damage. x2
The big kobold is severely wounded. (8/29) HP The big kobold hits you (4).
You die...

###############
###≈############.
#≈..#;≈.....§....
#..K..≈≈≈§§§≈.K≈
####≈.≈#.≈≈§§§§§###
#≈##K###≈.§≈§§§§#
#PP@K## #.≈≈§§§§≈#
#≈##≈# #.≈≈§≈§≈≈#
#≈# ### #≈≈§≈≈≈≈≈#
#≈ #≈≈≈≈≈≈≈≈# #.
#≈≈≈≈≈≈PP# ≈
#≈≈≈≈≈≈≈P# ≈
#≈≈≈≈≈≈≈.


You could see a big kobold, 2 kobolds and a neutral slimehead (wandering)
(passive).

Vanquished Creatures
  2 jellies (D:2)
  2 giant cockroaches (D:1)
  4 sewer rats (D:2)
  6 cinder newts
  2 oozes
  A dart slug (D:1)
  3 leopard geckos
  An adder skeleton (D:2)
  2 ball pythons (D:2)
  4 goblins (D:1)
  3 hobgoblins (D:1)
  6 kobolds
  5 bats
  2 bat skeletons (D:2)
  A kobold skeleton (D:2)
  6 rats (D:1)
50 creatures vanquished.

Vanquished Creatures (others)
  A sewer rat (D:2)
  26 withered plants (D:2)
27 creatures vanquished.

Grand Total: 77 creatures vanquished

Notes
Turn   | Place    | Note
-------+----------+-------------------------------------------
     0 | Start Te | Leeroy the Immature Draconian Priest began the quest for
                  | the Orb.
     0 | Start Te | Reached XP level 1. HP: 29/29 MP: 3/3
     0 | Start Te | Found a sparkling altar of Nemelex Xobeh.
     1 | Start Te | Found a basalt altar of Yredelemnul.
     1 | Start Te | Found a white marble altar of Elyvilon.
     2 | Start Te | Found an iron altar of Okawaru.
     3 | Start Te | Found a glowing silver altar of Zin.
     3 | Start Te | Found a blossoming altar of Fedhas.
     4 | Start Te | Found a stormy altar of Qazlal.
     5 | Start Te | Found a glowing golden altar of the Shining One.
     5 | Start Te | Found an opulent altar of Gozag.
     6 | Start Te | Found a sacrificial altar of Ru.
     7 | Start Te | Found an ornate altar of Bahamut and Tiamat.
     7 | Start Te | Found a hazy altar of Hepliaklqana.
    15 | Start Te | Became a worshipper of Bahamut & Tiamat
    15 | Start Te | Reached * piety under Bahamut & Tiamat
    15 | Start Te | Reached ** piety under Bahamut & Tiamat
    75 | D:1      | Reached XP level 2. HP: 18/39 MP: 5/5
    81 | D:1      | Reached XP level 3. HP: 20/49 MP: 6/6
   840 | D:1      | Reached XP level 4. HP: 51/59 MP: 7/7
  1197 | D:2      | Reached skill level 5 in Invocations
  1198 | D:2      | Reached *** piety under Bahamut & Tiamat
  1220 | D:2      | Reached XP level 5. HP: 7/69 MP: 7/9
  1310 | D:2      | Noticed a water moccasin
  1323 | D:2      | Reached skill level 6 in Invocations
  1486 | D:2      | HP: 1/69 [big kobold (7)]
  1487 | D:2      | Slain by a big kobold

Illustrated notes

Levels and vault maps discovered:
D:1:      dpeg_arrival_simpleton_c, layout_basic
D:2:      layout_sewer, uniq_edmund

Skill      XL: |  1  2  3  4  5 |
---------------+----------------+-----
Stealth        | 2 3 |  3.1
Invocations    | 5 6 |  6.2
Dodging        | |  1.5
Unarmed Combat | |  2.6

Action                   |  1- 3 |  4- 6 || total
-------------------------+-------+-------++-------
Melee: Unarmed           |    27 |   141 ||   168
       Peck              |     8 |     9 ||    17
       Dagger            |    89 |    28 ||   117
Invok: Choose Bahamut's  |     1 |       ||     1
       Choose Tiamat's A |     1 |       ||     1
       Adaptive Breath   |       |     2 ||     2
 Abil: Breathe Dart      |     1 |     1 ||     2
  Use: Scroll            |       |     2 ||     2
 Stab: Sleeping          |     1 |       ||     1
       Confused          |       |     1 ||     1
  Eat: Chunk             |       |     3 ||     3
Armor: Skin              |    37 |    33 ||    70
Dodge: Dodged            |    22 |    23 ||    45
